 Dungeon Crawl Stone Soup version 0.24.1-14-gf8d2b509d9 (webtiles) character file.

Game seed: 12167001070447519109, levelgen mode: deterministic

175 Gildeon the Conjurer (level 5, 0/28 HPs)
             Began as a Deep Elf Conjurer on Oct 11, 2020.
             Was an Initiate of Vehumet.
             Slain by Grinder (10 damage)
             ... on level 3 of the Dungeon on Oct 17, 2020.
             The game lasted 00:13:45 (2749 turns).

Gildeon the Conjurer (Deep Elf Conjurer)            Turns: 2749, Time: 00:13:45

Health: 0/28       AC:  3    Str:  5    XL:     5   Next: 29%
Magic:  0/13       EV: 15    Int: 21    God:    Vehumet [......]
Gold:   149        SH:  0    Dex: 15    Spells: 2/13 levels left

rFire    . . .     SeeInvis .   e - +0 dagger
rCold    . . .     Gourm    .   (no shield)
rNeg     . . .     Faith    .   a - +0 robe
rPois    .         Spirit   .   j - +0 helmet
rElec    .         Reflect  .   (no cloak)
rCorr    .         Harm     .   (no gloves)
MR       .....                  (no boots)
Stlth    +++.......             v - amulet of the acrobat
HPRegen  0.09/turn              p - +1 ring of evasion
MPRegen  0.13/turn              (no ring)

@: very slightly contaminated
A: no striking features
a: Renounce Religion


You were on level 3 of the Dungeon.
You worshipped Vehumet.
Vehumet was noncommittal.
You were not hungry.

You visited 1 branch of the dungeon, and saw 3 of its levels.

You collected 149 gold pieces.

Inventory:

Hand Weapons
 e - a +0 dagger (weapon)
 h - a +0 dagger of protection
 u - a cursed -3 dagger
Missiles
 d - 124 stones
 t - 16 poisoned darts (quivered)
Armour
 a - a +0 robe (worn)
 i - a +0 buckler
 j - a +0 helmet (worn)
Jewellery
 p - a +1 ring of evasion (left hand)
 v - an amulet of the acrobat (around neck)
Scrolls
 k - 2 scrolls of blinking {unknown}
 n - 2 scrolls of fog {unknown}
 o - 2 scrolls of remove curse {unknown}
 s - 3 scrolls of teleportation {unknown}
 x - a scroll of fear {unknown}
 y - a scroll of immolation {unknown}
Potions
 b - a potion of lignification {unknown}
 g - a potion of degeneration {unknown}
 l - a potion of flight {unknown}
 m - a potion of berserk rage {unknown}
 q - 3 potions of invisibility
 r - a potion of agility {unknown}
 w - a potion of curing {unknown}
Comestibles
 c - 5 rations
 f - 2 chunks of flesh


   Skills:
 + Level 4.0 Dodging
 + Level 4.2 Stealth
 + Level 0.0 Shields
 + Level 4.6 Spellcasting
 - Level 5.0 Conjurations
 + Level 0.1 Hexes
 + Level 0.2 Translocations
 + Level 0.1 Fire Magic


You had 2 spell levels left.
You knew the following spells:

 Your Spells              Type           Power        Failure   Level  Hunger
a - Magic Dart            Conj           ####         1%          1    None
b - Searing Ray           Conj           ####..       2%          2    #......
c - Dazzling Spray        Conj/Hex       ###...       12%         3    ##.....
d - Conjure Flame         Conj/Fire      ###.....     12%         3    ##.....
e - Blink                 Tloc           N/A          16%         2    #......

Your spell library contained the following spells:

 Spells                   Type           Power        Failure   Level  Hunger
 Slow                     Hex            #.......     16%         2    #......
 Call Imp                 Summ           #.......     17%         2    #......
 Iskenderun's Mystic Bla  Conj           ####....     14%         4    ####...
 Mephitic Cloud           Conj/Pois/Air  ##......     17%         3    ##.....
 Force Lance              Conj/Tloc      ###.....     36%         4    ####...
 Fulminant Prism          Conj/Hex       ###.......   36%         4    ####...


Dungeon Overview and Level Annotations

Branches:
Dungeon (3/15)

Altars:
Ashenzari
Fedhas
Vehumet
Xom

Annotations:
D:3 Grinder, Sigmund


Message History

Grinder is heavily wounded.
Grinder misses you.
The searing ray hits Grinder.
Grinder is severely wounded.
Grinder closely misses you.
The searing ray hits Grinder!
Grinder is almost dead.
You finish channeling your searing ray.
Grinder gestures at you. You resist with significant effort.
Casting: Searing Ray (safe; 2% risk of failure)
Confirm with . or Enter, or press ? or * to list all spells.
Aiming: Searing Ray (safe; 2% risk of failure)
Press: ? - help, Shift-Dir - straight line, f/p - Grinder
Aim: Grinder (almost dead)
The searing ray hits Grinder.
Grinder is almost dead. (Press . to maintain the ray.) Grinder hits you!
You die...

#.# ###.# #...# #
#.########.####
#.# #.........
#.# #......# #.#
#.###..### #.#
##5###....5 .>5
#.###@#.#..# #
#.#
#.##.###..#####.#
#...## ##.......#
####.###..#######
##.#.#.# ##.##.#
#.##.# #.##..
#.####


You could see Grinder.

Vanquished Creatures
  An orc priest (D:3)
  An orc wizard (D:3)
  Terence (D:2)
  2 adders
  An ooze (D:3)
  4 worms (D:2)
  2 dart slugs (D:1)
  2 leopard geckos
  3 orcs (D:3)
  A giant cockroach (D:1)
  5 goblins
  2 hobgoblins (D:3)
  4 jackals (D:2)
  A ball python (D:2)
  6 bats
  5 frilled lizards
  8 kobolds
  13 rats
62 creatures vanquished.

Notes
Turn   | Place    | Note
-------+----------+-------------------------------------------
     0 | D:1      | Gildeon the Deep Elf Conjurer began the quest for the Orb.
     0 | D:1      | Reached XP level 1. HP: 10/10 MP: 6/6
   202 | D:1      | Reached XP level 2. HP: 15/15 MP: 4/8
   210 | D:1      | Learned a level 2 spell: Searing Ray
   868 | D:2      | Reached XP level 3. HP: 19/19 MP: 6/10
   873 | D:2      | Learned a level 3 spell: Dazzling Spray
  1324 | D:2      | Learned a level 2 spell: Blink
  1565 | D:2      | Found a blossoming altar of Fedhas.
  1572 | D:2      | Found a radiant altar of Vehumet.
  1660 | D:2      | Became a worshipper of Vehumet
  1895 | D:2      | Noticed Terence
  1955 | D:2      | Killed Terence
  1955 | D:2      | Reached XP level 4. HP: 17/24 MP: 1/12
  2258 | D:3      | Noticed Sigmund
  2264 | D:3      | Found a shimmering altar of Xom.
  2265 | D:3      | Found a shimmering altar of Xom.
  2265 | D:3      | Found a shimmering altar of Xom.
  2265 | D:3      | Found a shimmering altar of Xom.
  2266 | D:3      | Found a shimmering altar of Xom.
  2266 | D:3      | Found a shimmering altar of Xom.
  2266 | D:3      | Found a shimmering altar of Xom.
  2342 | D:3      | Reached skill level 5 in Conjurations
  2424 | D:3      | Reached XP level 5. HP: 11/28 MP: 1/13
  2433 | D:3      | Learned a level 3 spell: Conjure Flame
  2588 | D:3      | Noticed Grinder
  2629 | D:3      | Found a shattered altar of Ashenzari.
  2749 | D:3      | Slain by Grinder

Levels and vault maps discovered:
D:1:      minmay_arrival_stone_box, layout_loops_cross, hangedman_decor_lopped
D:2:      layout_basic, grunt_temple_overflow_open, first_ration, uniq_terence
D:3:      layout_loops_ring, lemuel_doored_altar, cheibrodos_ashenzari_chains,
          xom_redecorated, nicolae_dithmenos_through_a_glass_darkly,
          uniq_sigmund, uniq_grinder, uniq_jessica

Skill      XL: |  1  2  3  4 |
---------------+-------------+-----
Stealth        | 3 4 |  4.2
Dodging        | 3 4 |  4.0
Spellcasting   | 4 |  4.6
Conjurations   | 5 |  5.0
Hexes          | |  0.1
Translocations | |  0.2
Fire Magic     | |  0.1

Action                   |  1- 3 |  4- 6 || total
-------------------------+-------+-------++-------
Melee: Dagger            |     4 |     8 ||    12
Throw: Dart              |     7 |       ||     7
 Cast: Magic Dart        |    61 |    37 ||    98
       Searing Ray       |     7 |     4 ||    11
       Blink             |     1 |       ||     1
 Stab: Sleeping          |     2 |     1 ||     3
  Eat: Chunk             |     3 |     3 ||     6
Armor: Robe              |     2 |     5 ||     7
Dodge: Dodged            |    10 |    20 ||    30
